 Dungeon Crawl Stone Soup version 0.29.1-15-g9cfb28693d (webtiles) character file.

Game seed: 4959920502252027584

389 laial the Covered (level 6, -3/53 HPs)
             Began as a Minotaur Fighter on Apr 21, 2023.
             Slain by an ogre
             ... wielding a +0 giant club
              (23 damage)
             ... on level 5 of the Dungeon.
             The game lasted 00:27:38 (4069 turns).

laial the Covered (Minotaur Fighter)                Turns: 4069, Time: 00:27:39

Health: -3/53      AC: 12    Str: 22    XL:     6   Next: 49%
Magic:  0/5        EV:  6    Int: 11    God:
Gold:   190        SH:  4    Dex: 10    Spells: 5/5 levels left

rFire   + . .      SeeInvis .   a - +0 war axe
rCold   . . .      Faith    .   c - +0 buckler
rNeg    . . .      Spirit   +   z - +0 plate armour
rPois   .          Reflect  .   (helmet restricted)
rElec   .          Harm     .   A - scarf {repulsion}
rCorr   .          Rampage  .   (no gloves)
Will    .....                   (no boots)
Stlth   ..........              u - amulet of guardian spirit
HPRegen 0.17/turn               p - ring of protection from fire
MPRegen 0.09/turn               q - +6 ring of intelligence

@: repel missiles
A: horns 2, retaliatory headbutt
a: no special abilities


You were on level 5 of the Dungeon.
You visited 1 branch of the dungeon, and saw 5 of its levels.

You collected 190 gold pieces.

Inventory:

Hand Weapons
 a - a +0 war axe (weapon)
 v - a +1 falchion of holy wrath
 B - a +2 sling of flaming
Armour
 b - a +0 scale mail
 c - a +0 buckler (worn)
 e - a +0 leather armour
 i - a +0 ring mail
 z - a +0 plate armour (worn)
 A - a scarf of repulsion (worn)
Jewellery
 p - a ring of protection from fire (left hand)
 q - a +6 ring of intelligence (right hand)
 u - an amulet of guardian spirit (around neck)
 y - an amulet of guardian spirit
Scrolls
 g - a scroll of noise {unknown}
 l - 2 scrolls of blinking
 m - a scroll of teleportation {unknown}
 n - 3 scrolls of fear
 t - a scroll of enchant armour
 w - 2 scrolls of poison
 C - a scroll of amnesia {unknown}
Potions
 d - a potion of might
 f - 5 potions of flight {unknown}
 h - a potion of heal wounds {unknown}
 j - a potion of attraction {unknown}
 k - a potion of curing {unknown}
 o - a potion of invisibility {unknown}
 r - 2 potions of brilliance {unknown}
 s - a potion of haste {unknown}
 x - a potion of degeneration {unknown}


   Skills:
 - Level 4.5 Fighting
 - Level 1.5 Long Blades
 + Level 5.5 Axes
 - Level 5.5 Armour
 - Level 1.4 Dodging
 - Level 0.1 Stealth
 - Level 4.4 Shields


You had 5 spell levels left.
You didn't know any spells.
Your spell library contained the following spells:

 Spells                   Type           Power      Damage    Failure   Level
 Sandblast                Erth           0%         2d4       100%        1
 Slow                     Hex            0%         N/A       100%        1
 Passwall                 Tmut/Erth      0%         N/A       100%        2
 Confusing Touch          Hex            0%         N/A       100%        3
 Ignite Poison            Fire/Tmut/Pois 0%         N/A       100%        3
 Mephitic Cloud           Conj/Pois/Air  0%         N/A       100%        3
 Stone Arrow              Conj/Erth      0%         3d7       100%        3
 Vampiric Draining        Necr           0%         2d6       100%        3
 Freezing Cloud           Conj/Ice/Air   0%         6-21      100%        5


Dungeon Overview and Level Annotations

Branches:
Dungeon (5/15)
 Temple: D:4-7

Altars:
Ashenzari
Elyvilon
Vehumet


Innate Abilities, Weirdness & Mutations

You have a pair of horns on your head.
You reflexively headbutt those who attack you in melee.


Message History

You are too injured to fight recklessly!
You are too injured to fight recklessly!
You are too injured to fight recklessly!
You slash the scorpion!
You kill the scorpion!
You feel sick.
You feel sick.
You feel sick.
You feel sick.
You feel sick.
You feel sick.
You feel sick.
You feel sick.
You are no longer poisoned.
Magic restored.
An orc comes into view. It is wielding a +0 club.
HP restored.
r - 2 red potions (gained 1)
Found an escape hatch in the ceiling.
Found a stone staircase leading down.
You now have 190 gold pieces (gained 16).
m - a scroll labelled ABRAESMOAD
C - a scroll labelled TUDUSH CAOTH
Found a stone staircase leading up.
An ogre comes into view. It is wielding a +0 giant club.
Found a club.
You slash the ogre!
The ogre is heavily wounded.
The ogre hits you with a +0 giant club!
You are too injured to fight recklessly!
You are too injured to fight recklessly!
You are too injured to fight recklessly!
You are too injured to fight recklessly!
You slash the ogre!
The ogre is almost dead.
The ogre hits you with a +0 giant club!!
You hit the ogre.
The ogre is almost dead.
The ogre hits you with a +0 giant club!!
You die...

#........#...+....#
#......#....##....#
#....###>...##....#
##.....#.#####....#
###.#.#.... .....+
#######...#..#
#..<..#
#............#
.......
#..........#.#.
#......@.......
#......O...<...
#..........##..
#......##### ..
#...... .......
......) ≈≈≈≈≈≈.


You could see an ogre.

Vanquished Creatures
  A phantom (D:2)
  2 scorpions
  An orc priest (D:3)
  Jessica (D:2)
  5 adders
  2 worms
  3 dart slugs
  4 orcs (D:3)
  4 endoplasms
  7 giant cockroaches
  7 goblins
  8 hobgoblins
  2 jackals (D:1)
  4 kobolds
  7 quokkas
  13 ball pythons
  4 bats
  3 frilled lizards
  4 rats
82 creatures vanquished.

Notes
Turn   | Place    | Note
-------+----------+-------------------------------------------
     0 | D:1      | laial the Minotaur Fighter began the quest for the Orb.
     0 | D:1      | Reached XP level 1. HP: 19/19 MP: 0/0
   250 | D:1      | Found a faded altar of an unknown god.
   320 | D:1      | Reached XP level 2. HP: 27/27 MP: 1/1
   981 | D:2      | Reached XP level 3. HP: 33/33 MP: 2/2
  1003 | D:2      | Found a white marble altar of Elyvilon.
  1213 | D:2      | Noticed Jessica
  1217 | D:2      | Killed Jessica
  1388 | D:2      | Reached XP level 4. HP: 40/40 MP: 3/3
  1797 | D:2      | Noticed a phantom
  1809 | D:2      | Killed a phantom
  1810 | D:2      | Reached skill level 1 in Dodging
  1810 | D:2      | Reached XP level 5. HP: 32/46 MP: 4/4
  1952 | D:3      | Reached skill level 5 in Armour
  2226 | D:3      | Found a broken altar of Ashenzari.
  2972 | D:4      | Reached skill level 1 in Long Blades
  2972 | D:4      | Reached XP level 6. HP: 29/53 MP: 2/5
  3539 | D:4      | Found a radiant altar of Vehumet.
  3847 | D:5      | Entered Level 5 of the Dungeon
  3852 | D:5      | Reached skill level 5 in Axes
  4069 | D:5      | Slain by an ogre

Illustrated notes

Levels and vault maps discovered:
D:1:      elethiomel_arrival_infinity_welcomes_careful_drivers, layout_rooms,
          shapermc_ecumenical_altar_totnotflames
D:2:      layout_basic, basic_altar, uniq_jessica
D:3:      layout_rooms, mainiacjoe_overflow_small_starburst,
          kennysheep_decorative_pillar
D:4:      layout_basic, mainiacjoe_overflow_alcove_4, kennysheep_potato
D:5:      layout_basic, mainiacjoe_overflow_brackets,
          mainiacjoe_overflow_alcove_1, uniq_duvessa

Skill      XL: |  1  2  3  4  5  6 |
---------------+-------------------+-----
Armour         | 4 5 |  5.5
Shields        | 4 |  4.4
Fighting       | 4 |  4.5
Axes           | 3 4 5 |  5.5
Dodging        | 1 |  1.4
Long Blades    | 1 |  1.5
Stealth        | |  0.1

Action                   |  1- 3 |  4- 6 || total
-------------------------+-------+-------++-------
Melee: War axe           |    64 |    51 ||   115
       Headbutt          |     7 |    19 ||    26
       Falchion          |       |    94 ||    94
  Use: Scroll            |       |     5 ||     5
Armor: Scale mail        |    25 |    41 ||    66
       Plate armour      |       |    35 ||    35
Dodge: Dodged            |    19 |    68 ||    87
Block: Buckler           |     7 |    28 ||    35
